 Dungeon Crawl Stone Soup version 0.31.0-12-g77e489cdc1 (webtiles) character file.

Game seed: 4792484013278529177

184 monsoonserge the Ruffian (level 5, 0/33 HPs)
             Began as an Octopode Shapeshifter on Feb 23, 2024.
             Killed by nerve-wracking pain
             ... invoked by Grinder
              (6 damage)
             ... on level 3 of the Dungeon.
             The game lasted 00:06:56 (1972 turns).

monsoonserge the Ruffian (Octopode Shapeshifter)    Turns: 1972, Time: 00:06:58

Health: 0/33       AC:  1    Str: 15    XL:     5   Next: 63%
Magic:  0/5        EV: 13    Int: 12    God:
Gold:   108        SH:  0    Dex: 12    Spells: 2/4 levels left

rFire   . . .        j - +2 quarterstaff (chaos)
rCold   . . .        (shield currently unavailable)
rNeg    . . .        (helmet currently unavailable)
rPois   .            i - amulet of guardian spirit
rElec   .            (no ring)
rCorr   .            (no ring)
SInv    .            (no ring)
Will    .....        (no ring)
Stlth   +++          (no ring)
HPRegen 0.25/turn    (no ring)
MPRegen 0.09/turn    (no ring)
                     (no ring)

%: guardian spirit
@: beast-form
A: beast (slay +1), almost no armour, amphibious, 8 rings, camouflage 1,
gelatinous body 1, (nimble swimmer 1), tentacles
a: Begin Untransformation


You were on level 3 of the Dungeon.
You were a hulking beast.
You visited 1 branch of the dungeon, and saw 3 of its levels.

You collected 108 gold pieces.

Inventory:

Hand Weapons
 h - a +2 dagger of speed
 j - a +2 quarterstaff of chaos (weapon)
Jewellery
 d - an amulet of reflection
 i - an amulet of guardian spirit (around mantle)
Talismans
 b - a beast talisman
 c - a flux talisman
Wands
 k - a wand of mindburst (13)
Scrolls
 f - a scroll of teleportation {unknown}
 g - a scroll of amnesia {unknown}
 o - a scroll of poison {unknown}
Potions
 a - a potion of lignification
 e - a potion of curing {unknown}
 l - a potion of enlightenment {unknown}
 m - a potion of heal wounds {unknown}
 n - a potion of attraction {unknown}


   Skills:
 + Level 1.4 Fighting
 - Level 0.8 Short Blades
 * Level 1.9 Staves
 + Level 2.8 Dodging
 - Level 3.0 Stealth
 - Level 4.0 Unarmed Combat
 + Level 3.4 Shapeshifting


You had 2 spell levels left.
You knew the following spells:

 Your Spells              Type           Power      Damage    Failure   Level
a - Blink                 Tloc           0%         N/A       45%         2

Your spell library contained the following spells:

 Spells                   Type           Power      Damage    Failure   Level
 Lesser Beckoning         Tloc           0%         N/A       45%         2
 Momentum Strike          Conj/Tloc      0%         3d8       45%         2


Dungeon Overview and Level Annotations

Branches:
Dungeon (3/15)

Altars:
Yredelemnul
The Shining One

Annotations:
D:3 Grinder


Innate Abilities, Weirdness & Mutations

You are a hulking beast.
Your limbs bulge with bestial killing power. (Slay +1)
You cannot wear most types of armour.
You are amphibious.
You can wear up to eight rings at the same time.
Your skin changes colour to match your surroundings (Stealth+).
Your rubbery body absorbs attacks. (AC +1, EV +1)
((You are camouflaged when in or above water. (Stealth+)))
You have tentacles for arms and can constrict up to eight enemies at once.


Message History

Grinder hits you!
You writhe in agony.
You hit Grinder but do no damage. Your grab misses Grinder.
An orc priest comes into view. It is wielding a +0 mace.
Grinder closely misses you.
The orc priest shouts!
You hit Grinder. Your grab misses Grinder. You squeeze Grinder!
Grinder is moderately wounded.
You hear a shout!
Grinder blinks!
A jackal comes into view.
Found a ring mail.
You hit Grinder.
Grinder seems to grow stronger.
You grab Grinder.
Grinder is moderately wounded.
You constrict Grinder.
Grinder blinks free!
The orc priest mumbles some strange prayers to Beogh against you.
Beogh smites you!
You hit the orc priest. You freeze the orc priest.
Your grab misses the orc priest.
The orc priest is moderately wounded.
The orc priest barely misses you.
You hit the orc priest. You burn the orc priest.
Your grab misses the orc priest.
The orc priest is almost dead.
The orc priest barely misses you.
You hit the orc priest.
You kill the orc priest!
Grinder gestures at you. Pain shoots through your body!
* * * LOW HITPOINT WARNING * * *
Training target 3.0 for Stealth reached!
Your Stealth skill increases to level 3!
Okay, then.
Aiming: Mindburst
Press: ? - help, Shift-Dir - straight line, f - Grinder
Aim: Grinder (moderately wounded, strong, chance to affect: 64%) Grinder's mind is blasted!
Grinder gestures at you. Pain shoots through your body!
You die...
Grinder sighs, "Dead already?
I want a refund."

... #...# ##.... ..#
###'### #.... #.#
###.....###.... ## #.#
#..............
.#<.#+#.#####.#.....###....
..............###'### #####
#.......##..5.##...#
#...5...##).†.##..§#
#.......##h...##...#
#.......##....##..§#
#..o....##....##._.#
........##....##..§#
....######....###### ....
#....###A## #....######
#....# #.....


You could see Grinder (strong).

Vanquished Creatures
  A jelly (D:2)
  An orc priest (D:3)
  Crazy Yiuf (D:2)
  3 gnolls (D:2)
  2 adders (D:2)
  A dart slug (D:3)
  3 ribbon worms
  An orc (D:3)
  3 endoplasms
  A giant cockroach (D:2)
  4 hobgoblins
  2 quokkas (D:1)
  3 ball pythons
  3 bats (D:2)
  3 frilled lizards (D:2)
  4 goblins
  6 kobolds
  3 rats
45 creatures vanquished.

Notes
Turn   | Place    | Note
-------+----------+-------------------------------------------
     0 | D:1      | monsoonserge the Octopode Shapeshifter began the quest for
                  | the Orb.
     0 | D:1      | Reached XP level 1. HP: 13/13 MP: 1/1
   336 | D:1      | Reached XP level 2. HP: 18/18 MP: 2/2
  1066 | D:2      | Reached XP level 3. HP: 23/23 MP: 3/3
  1089 | D:2      | Learned a level 2 spell: Blink
  1155 | D:2      | Found a runed translucent door.
  1156 | D:2      | Noticed Crazy Yiuf
  1164 | D:2      | Killed Crazy Yiuf
  1165 | D:2      | Reached skill level 1 in Stealth
  1261 | D:2      | Reached XP level 4. HP: 25/28 MP: 2/4
  1304 | D:2      | Reached skill level 4 in Unarmed Combat
  1305 | D:2      | Reached skill level 1 in Staves
  1305 | D:2      | Reached XP level 5. HP: 15/33 MP: 2/5
  1926 | D:3      | Found a glowing golden altar of the Shining One.
  1928 | D:3      | Noticed an angel
  1936 | D:3      | Found a basalt altar of Yredelemnul.
  1938 | D:3      | Noticed a profane servitor
  1951 | D:3      | Noticed Grinder
  1972 | D:3      | Killed from afar by Grinder

Illustrated notes

Levels and vault maps discovered:
D:1:      dpeg_arrival_erosion, layout_loops_ring, serial_forest,
          infiniplex_forest_clump_double, infiniplex_forest_lined_2,
          infiniplex_forest_lined_ring, infiniplex_forest_end_2,
          infiniplex_forest_clump_C, infiniplex_forest_end_2,
          infiniplex_forest_clump_cross, infiniplex_forest_end_double,
          infiniplex_forest_clump_medium, minmay_liquid_box, minivault_11,
          minmay_misc_feat_encased, dreamdust_princess_bridge, minivault_24,
          minmay_misc_feat_tiny
D:2:      layout_basic, grunt_ministairs_13, uniq_crazy_yiuf_cottage
D:3:      layout_basic, grunt_temple_overflow_holy_war,
          kennysheep_vampire_church, serial_bayou_pond_e, uniq_grinder,
          uniq_terence, uniq_natasha

Skill      XL: |  1  2  3  4  5 |
---------------+----------------+-----
Stealth        | 1 2 3 |  3.0
Unarmed Combat | 4 |  4.0
Staves         | 1 |  1.9
Fighting       | |  1.4
Short Blades   | |  0.8
Dodging        | |  2.8
Shapeshifting  | |  3.4

Action                     |  1- 3 |  4- 6 || total
---------------------------+-------+-------++-------
  Melee: Unarmed           |    37 |       ||    37
         Constrict         |    13 |     7 ||    20
         Tentacles         |    11 |     7 ||    18
         Dagger            |    25 |       ||    25
         Quarterstaff      |     5 |    32 ||    37
         Punch             |     1 |     1 ||     2
  Evoke: Wand              |       |     1 ||     1
   Stab: Sleeping          |     5 |     6 ||    11
 Armour: Skin              |    15 |    15 ||    30
  Dodge: Dodged            |    21 |    17 ||    38
  Block: Other             |     5 |       ||     5
